 Dungeon Crawl Stone Soup version 0.30.0-29-ga12c61a403 (webtiles) character file.

Game seed: 12608771104183505247

173 seaoflcl the Shield-Bearer (level 5, -3/47 HPs)
             Began as a Minotaur Fighter on June 7, 2023.
             Slain by a bullfrog (6 damage)
             ... in a sewer.
             The game lasted 00:04:04 (1900 turns).

seaoflcl the Shield-Bearer (Minotaur Fighter)       Turns: 1900, Time: 00:04:04

Health: -3/47      AC:  8    Str: 23    XL:     5   Next: 28%
Magic:  4/4        EV:  9    Int:  5    God:
Gold:   147        SH:  4    Dex:  9    Spells: 4/4 levels left

rFire   . . .        a - +0 war axe
rCold   . . .        c - +0 buckler
rNeg    . . .        b - +0 scale mail
rPois   .            (helmet restricted)
rElec   .            h - +0 cloak
rCorr   .            (no gloves)
SInv    .            (no boots)
Will    .....        (no amulet) Stlth
                     (no ring)
HPRegen 0.27/turn    (no ring)
MPRegen 0.09/turn

%: no passive effects
@: mighty, very slow
A: horns 2, retaliatory headbutt
a: no special abilities


You were in a sewer.
You visited 1 branch of the dungeon, and saw 3 of its levels.
You also visited: Sewer.

You collected 147 gold pieces.

Inventory:

Hand Weapons
 a - a +0 war axe (weapon)
 r - the +1 dagger "seaoflcl's Regret" {flame, rCorr}
   (You found it on level 2 of the Dungeon)

   rCorr:     It protects you from acid and corrosion.
 t - the +9 dagger of Checks and Balances {heavy, rElec rCorr}
   (You found it on level 2 of the Dungeon)

   rElec:     It insulates you from electricity.
   rCorr:     It protects you from acid and corrosion.
Missiles
 u - 4 javelins (quivered)
 w - 5 poisoned darts
Armour
 b - a +0 scale mail (worn)
 c - a +0 buckler (worn)
 h - a +0 cloak (worn)
 l - a +0 chain mail
 x - the +1 leather armour of Greed {rPois rC- Str+5 Slay+3}
   (You found it on level 3 of the Dungeon)

   Str:       It affects your strength (+5).
   Slay:      It affects your accuracy & damage with ranged weapons and melee
   (+3).
   rC:        It makes you vulnerable to cold.
   rPois:     It protects you from poison.
Wands
 n - a wand of quicksilver (8)
Scrolls
 i - a scroll of identify {unknown}
 j - 2 scrolls of immolation {unknown}
 p - a scroll of teleportation {unknown}
 q - a scroll of fear {unknown}
 s - a scroll of butterflies {unknown}
 v - a scroll of noise {unknown}
Potions
 e - 2 potions of degeneration {unknown}
 f - a potion of cancellation {unknown}
 g - 2 potions of mutation {unknown}
 k - a potion of curing {unknown}
 m - a potion of ambrosia {unknown}
 o - 2 potions of haste {unknown}


   Skills:
 + Level 4.5 Fighting
 + Level 0.9 Short Blades
 * Level 4.4 Axes
 + Level 0.6 Throwing
 + Level 4.4 Armour
 + Level 4.5 Shields


You had 4 spell levels left.
You didn't know any spells.
Your spell library contained the following spells:

 Spells                   Type           Power      Damage    Failure   Level
 Foxfire                  Conj/Fire      0%         2x1d4     83%         1
 Passwall                 Tmut/Erth      0%         N/A       93%         2
 Volatile Blastmotes      Fire/Tloc      0%         2d10      99%         3
 Dragon Form              Tmut           0%         N/A       100%        7


Dungeon Overview and Level Annotations

Branches:
Dungeon (3/15)              Sewer (1/1)

Altars:

Shops:
D:1 **?[*   D:3 ((


Innate Abilities, Weirdness & Mutations

You have a pair of horns on your head.
You reflexively headbutt those who attack you in melee.


Message History

You completely miss the bullfrog. The bullfrog hits you. x2
The bullfrog hits you but does no damage.
The bullfrog hits you.
You completely miss the bullfrog.
The bullfrog is almost dead.
You slash the bullfrog! The bullfrog hits you.
The bullfrog hits you but does no damage.
The bullfrog barely misses you. x2
Your unstable footing causes you to fumble your attack.
The bullfrog hits you. The bullfrog closely misses you.
The bullfrog hits you but does no damage.
You block the bullfrog's attack.
You barely miss the bullfrog.
The bullfrog is almost dead.
You barely miss the bullfrog.
The bullfrog hits you but does no damage.
The bullfrog barely misses you. The bullfrog hits you!
The bullfrog hits you but does no damage.
You are too injured to fight recklessly!
You are too injured to fight recklessly!
You are too injured to fight recklessly!
You are too injured to fight recklessly!
You are too injured to fight recklessly!
You are too injured to fight recklessly!
You are too injured to fight recklessly!
You are too injured to fight recklessly!
You are too injured to fight recklessly!
You are too injured to fight recklessly!
The bullfrog attacks as you move away! The bullfrog hits you.
The bullfrog barely misses you. You furiously retaliate!
You headbutt the bullfrog. The bullfrog closely misses you.
You furiously retaliate!
You headbutt the bullfrog.
The bullfrog hits you but does no damage.
The bullfrog hits you!
* * * LOW HITPOINT WARNING * * *
You feel very mighty all of a sudden. The bullfrog hits you.
* * * LOW HITPOINT WARNING * * *
The bullfrog hits you.
You die...

~~~~~~~~~~~~~~~~~~~~~~~..#
≈≈≈≈≈≈≈≈≈≈≈≈≈≈≈≈≈≈≈≈≈≈~~.#
~~~~~~~~~~~≈~~≈≈≈~~~~≈≈~.#
........†~≈~≈≈~~~~..~~≈~.#
####~≈≈≈≈≈≈≈~~≈≈≈≈≈~.~≈~.#
#≈≈≈~≈≈≈≈≈≈≈≈≈≈≈≈≈~.~≈~~#
#≈≈~≈≈≈≈≈≈~~~~≈≈≈≈~~~≈~.#
#≈≈≈≈≈≈≈≈~~~~.~~≈≈≈~~~≈~~#
#≈≈≈≈≈≈≈~?~~~.≈F@≈≈≈~~≈~~#
#≈≈≈≈≈≈."$$~~.~F≈~≈~~~≈~~#
#≈≈≈≈≈~..(}~..~.≈≈~≈≈~≈~~#
≈≈~~.≈≈~..~≈≈≈≈≈≈≈~~#
≈≈≈≈≈~∩~~≈≈#≈≈≈~~#
≈≈≈≈≈≈~≈≈≈##≈≈≈~.#
≈≈≈≈≈≈≈≈####≈≈≈~.# ≈≈≈≈###
#~≈≈~.# ### #.~≈~.#


You could see 2 bullfrogs.

Vanquished Creatures
  Terence (D:2)
  6 adders
  A worm (D:3)
  4 dart slugs
  12 ball pythons
  4 endoplasms
  13 giant cockroaches
  3 goblins (D:1)
  6 hobgoblins
  3 kobolds
  8 quokkas
  3 bats
  10 frilled lizards
  4 rats
78 creatures vanquished.

Notes
Turn   | Place    | Note
-------+----------+-------------------------------------------
     0 | D:1      | seaoflcl the Minotaur Fighter began the quest for the Orb.
     0 | D:1      | Reached XP level 1. HP: 19/19 MP: 0/0
    47 | D:1      | Found Yshaf's Magic Scroll Shoppe.
   129 | D:1      | Found Maecrim's General Store.
   132 | D:1      | Reached XP level 2. HP: 27/27 MP: 1/1
   160 | D:1      | Found Ziemmel's Antique Armour Shop.
   187 | D:1      | Found Zitikuv's General Store.
   372 | D:1      | Got the Catalogue of Remoulded Arson
   444 | D:1      | Found Omasuxel's Assorted Antiques.
   472 | D:1      | Reached XP level 3. HP: 32/33 MP: 2/2
   609 | D:2      | Noticed Terence
   615 | D:2      | Killed Terence
   876 | D:2      | Identified the +1 dagger "seaoflcl's Regret" {flame, rCorr}
   929 | D:2      | Found a faded altar of an unknown god.
   932 | D:2      | Identified the +9 dagger of Checks and Balances {heavy,
                  | rElec rCorr}
   967 | D:2      | Reached XP level 4. HP: 40/40 MP: 3/3
  1314 | D:3      | Found Ruiceogy's Weapon Emporium.
  1405 | D:3      | Found Uzxofy's Weapon Shoppe.
  1481 | D:3      | Identified the +1 leather armour of Greed {rPois rC- Str+5
                  | Slay+3}
  1508 | D:3      | Found a glowing drain.
  1512 | Sewer    | Entered a sewer
  1577 | Sewer    | Reached XP level 5. HP: 47/47 MP: 4/4
  1900 | Sewer    | Slain by a bullfrog

Illustrated notes

Levels and vault maps discovered:
D:1:      nzn_arrival_water_spiral, layout_basic, serial_shops,
          nicolae_shop_peninsula, shop, shop, shop, nicolae_diamond_shop,
          minmay_tripent
D:2:      layout_basic, shapermc_ecumenical_altar_starsandcircs,
          minmay_misc_feat_room, uniq_terence
D:3:      layout_rooms, gup_sewer_entry_bowl, serial_shops, shop, shop,
          nicolae_shop_advertising_works [nicolae_subvault_shop_adworks],
          guppyfry_early_lair_pool
Sewer:    sewer_frog_island_01

Skill      XL: |  1  2  3  4 |
---------------+-------------+-----
Axes           | 3 4 |  4.4
Fighting       | 4 |  4.5
Shields        | 4 |  4.5
Armour         | 4 |  4.4
Short Blades   | |  0.9
Throwing       | |  0.6

Action                     |  1- 3 |  4- 6 || total
---------------------------+-------+-------++-------
  Melee: War axe           |    66 |   122 ||   188
         Headbutt          |    11 |    13 ||    24
  Throw: Javelin           |       |     1 ||     1
    Use: Potion            |       |     1 ||     1
 Armour: Scale mail        |    34 |    73 ||   107
  Dodge: Dodged            |    28 |    66 ||    94
  Block: Buckler           |    16 |    30 ||    46
